 Dungeon Crawl Stone Soup version 0.30.0-29-ga12c61a403 (webtiles) character file.

Game seed: 2260039343392496463

48 DildoBatman the Conjurer (level 4, -1/32 HPs)
             Began as a Formicid Conjurer on June 8, 2023.
             Slain by a jackal (3 damage)
             ... on level 3 of the Dungeon.
             The game lasted 00:03:26 (1975 turns).

DildoBatman the Conjurer (Formicid Conjurer)        Turns: 1975, Time: 00:03:26

Health: -1/32      AC:  3    Str: 12    XL:     4   Next: 0%
Magic:  7/7        EV: 12    Int: 19    God:
Gold:   97         SH:  0    Dex: 12    Spells: 5/8 levels left

rFire   . . .        q - +0 hand axe (elec)
rCold   . . .        (no shield)
rNeg    . . .        a - +0 robe
rPois   .            (helmet unavailable)
rElec   .            (no cloak)
rCorr   .            (no gloves)
SInv    +            d - +0 pair of boots
Will    .....        (no amulet)
Stlth   ++           (no ring)
HPRegen 0.25/turn    (no ring)
MPRegen 0.10/turn

%: no passive effects
@: no status effects
A: permanent stasis, dig shafts and tunnels, antennae 3, four strong arms
a: Dig, Shaft Self


You were on level 3 of the Dungeon.
You visited 1 branch of the dungeon, and saw 3 of its levels.

You collected 97 gold pieces.

Inventory:

Hand Weapons
 q - a +0 hand axe of electrocution (weapon)
Missiles
 l - 4 javelins
 n - 4 poisoned darts
Armour
 a - a +0 robe (worn)
 c - a +0 tower shield
 d - a +0 pair of boots (worn)
Scrolls
 e - a scroll of vulnerability {unknown}
 g - 3 scrolls of fear {unknown}
 k - 2 scrolls of silence {unknown}
 m - a scroll of poison {unknown}
 o - 2 scrolls of blinking {unknown}
 p - a scroll of summoning {unknown}
Potions
 b - a potion of magic
 f - a potion of might {unknown}
 h - a potion of degeneration {unknown}
 i - a potion of curing {unknown}
 j - a potion of mutation {unknown}


   Skills:
 * Level 1.2 Fighting
 * Level 1.1 Armour
 * Level 2.1 Dodging
 - Level 3.0 Stealth
 * Level 2.6 Spellcasting
 * Level 3.8 Conjurations


You had 5 spell levels left.
You knew the following spells:

 Your Spells              Type           Power      Damage    Failure   Level
a - Searing Ray           Conj           34%        2d5       4%          2
c - Magic Dart            Conj           68%        1d6       3%          1

Your spell library contained the following spells:

 Spells                   Type           Power      Damage    Failure   Level
 Dazzling Flash           Conj/Hex       18%        N/A       22%         3
 Summon Guardian Golem    Hex/Summ       2%         N/A       43%         3
 Fulminant Prism          Conj/Hex       4%         3d5       58%         4
 Iskenderun's Mystic Bla  Conj/Tloc      9%         2d4       58%         4
 Orb of Destruction       Conj           8%         9d6       100%        7
 Spellforged Servitor     Conj/Summ      4%         N/A       100%        7


Dungeon Overview and Level Annotations

Branches:
Dungeon (3/15)

Altars:
Nemelex Xobeh

Annotations:
D:2 exclusion: 4 sensed monsters (detected)


Innate Abilities, Weirdness & Mutations

You cannot be hasted, slowed, berserked, paralysed or teleported.
You can dig through walls and to a lower floor.
You have a pair of large antennae on your head. (SInv)
Your four strong arms can wield two-handed weapons with a shield.


Message History

r - Retreat! s - Stop attacking. g - Guard the area. f - Follow me.
Anything else - Cancel.
You shout for attention!
The jackal barely misses you. The jackal closely misses you. x2
What are your orders? t - Shout!
Orders for allies: a - Attack new target. r - Retreat! s - Stop attacking. g - Guard the area. f - Follow me.
Anything else - Cancel.
You shout for attention!
The jackal bites you.
The jackal bites you but does no damage.
The jackal barely misses you. The jackal misses you.
The jackal bites you but does no damage.
The jackal barely misses you. What are your orders? t - Shout!
Orders for allies: a - Attack new target. r - Retreat! s - Stop attacking. g - Guard the area. f - Follow me.
Anything else - Cancel.
You shout for attention!
The jackal barely misses you.
The jackal bites you but does no damage.
The jackal barely misses you. What are your orders? t - Shout!
Orders for allies: a - Attack new target. r - Retreat! s - Stop attacking. g - Guard the area. f - Follow me.
Anything else - Cancel.
You shout for attention!
The jackal bites you but does no damage.
The jackal closely misses you. The jackal bites you.
You die...

#................. ###
##..#......†...... ..
##.##.....<......
##.####.###..<........
.........#######.#####
####..#.......###.#
#....w###...#.....#
.#....hh####..####..
.....hh@$†..........
......##.#####.###.##
##... #... .# #..
###.# .# #/ .# # # #


You could see a dart slug and 4 jackals.

Vanquished Creatures
  An adder (D:3)
  A dart slug (D:1)
  2 bats (D:2)
  3 endoplasms (D:2)
  A giant cockroach (D:1)
  5 hobgoblins
  4 jackals (D:2)
  3 kobolds
  3 quokkas
  5 ball pythons
  3 frilled lizards (D:1)
  A rat (D:1)
32 creatures vanquished.

Notes
Turn   | Place    | Note
-------+----------+-------------------------------------------
     0 | D:1      | DildoBatman the Formicid Conjurer began the quest for the
                  | Orb.
     0 | D:1      | Reached XP level 1. HP: 13/13 MP: 3/3
   249 | D:1      | Reached XP level 2. HP: 19/19 MP: 1/5
   252 | D:1      | Learned a level 2 spell: Searing Ray
   866 | D:2      | Reached XP level 3. HP: 20/25 MP: 0/6
   877 | D:2      | Found a sparkling altar of Nemelex Xobeh.
  1205 | D:2      | Reached skill level 1 in Fighting
  1394 | D:2      | Reached skill level 1 in Armour
  1566 | D:2      | Found a faded altar of an unknown god.
  1950 | D:3      | Reached XP level 4. HP: 28/32 MP: 5/7
  1975 | D:3      | Slain by a jackal

Illustrated notes

Levels and vault maps discovered:
D:1:      reono_arrival_mine, layout_loops_ring
D:2:      layout_basic, basic_altar, shapermc_ecumenical_altar_ellora,
          kennysheep_generic_room_9, uniq_robin
D:3:      layout_rooms, mainiacjoe_overflow_24_doors

Skill      XL: |  1  2  3 |
---------------+----------+-----
Dodging        | 2 |  2.1
Fighting       | 1 |  1.2
Armour         | 1 |  1.1
Stealth        | 3 |  3.0
Spellcasting   | |  2.6
Conjurations   | |  3.8

Action                     |  1- 3 |  4- 6 || total
---------------------------+-------+-------++-------
  Melee: Unarmed           |     6 |       ||     6
         Whip              |    12 |       ||    12
         Hand axe          |    22 |     2 ||    24
         Punch             |     1 |       ||     1
   Cast: Magic Dart        |    50 |       ||    50
         Searing Ray       |     2 |       ||     2
   Stab: Sleeping          |     2 |       ||     2
 Armour: Robe              |    12 |    17 ||    29
  Dodge: Dodged            |    37 |    49 ||    86
